Dungeon Sprint DCSS version 0.21.0-24-g2553a33 (webtiles) character file.

14600000 dobroeutro the Conqueror (level 27, -118/246 (249) HPs) Began as a Demonspawn Fighter on Jan 19, 2018. Was the Champion of Makhleb. Annihilated by a destroyer ... wielding a +9 great sword of slicing (195 damage) ... in the Dungeon (Sprint VIII: "Arena of Blood"). The game lasted 00:04:38 (146 turns). dobroeutro the Conqueror (Demonspawn Fighter) Turns: 146, Time: 00:04:39 HP: -118/246 (249)AC: 17 Str: 25 XL: 27 MP: 53/54 EV: 28 Int: 13 God: Makhleb [******] Gold: 0 SH: 0 Dex: 14 Spells: 80/80 levels left rFire + . . SeeInvis + l - +∞ Axe of Woe rCold + . . Gourm . (shield currently unavailable) rNeg + . . Faith . b - +0 scale mail rPois . Spirit . (no helmet) rElec . Reflect . (no cloak) rCorr . Harm . (no gloves) MR ++... NoTele + (boots unavailable) Stlth ++++++++++ (no amulet) HPRegen 0.51/turn m - ring of see invisible MPRegen 0.34/turn (no ring) @: slowed, very slow A: talons 3, icy blue scales 3, fire resistance 1, ignite blood, negative energy resistance 1, nightstalker 3, 50% torment resistance, black mark, flame cloud immunity a: Minor Destruction, Lesser Servant of Makhleb, Major Destruction, Greater Servant of Makhleb, Renounce Religion You were in the Dungeon. You worshipped Makhleb. Makhleb was exalted by your worship. You were not hungry. You visited 1 branch

Inventory:

Hand Weapons
 a - a +0 war axe
 l - the +∞ Axe of Woe (weapon)
   (You found it in the Dungeon)
Armour
 b - a +0 scale mail (worn)
 c - a +0 shield
Jewellery
 m - a ring of see invisible (left hand)
Scrolls
 k - a scroll of blinking
Potions
 d - a potion of might
 e - a potion of curing
 g - a potion of heal wounds
 h - a potion of haste
 i - 2 potions of magic
 j - a potion of berserk rage
Comestibles
 f - a ration


   Skills:
 O Level 27 Fighting
 O Level 27 Axes
 O Level 27 Throwing
 O Level 27 Armour
 O Level 27 Dodging
 O Level 27 Stealth
 O Level 27 Shields
 O Level 27 Unarmed Combat
 O Level 27 Spellcasting
 O Level 27 Invocations


You had 80 spell levels left.
You didn't know any spells.

Dungeon Overview and Level Annotations

Branches:
Dungeon (1/1)

Altars:
Makhleb


Innate Abilities, Weirdness & Mutations

You have claws for feet.
You are completely covered in icy blue scales. (AC +4, rC+)
Your flesh is heat resistant. (rF+)
Your demonic aura causes spilled blood to erupt in flames.
You resist negative energy. (rN+)
You are completely attuned to the shadows.
You are somewhat able to resist unholy torments (1 in 2 success).
Your melee attacks may debilitate your foes.
You are immune to clouds of flame.


Message History

You hear a shout! x7
The destroyer blinks!
You hear a shout!
The dread appears out of thin air!
A dread comes into view.
The eight-headed meat hydra calls on the powers of darkness!
The eight-headed meat hydra convulses!
You feel a surge of unholy energy.
You hear a shout! x7
Unknown command.
Unknown command.
Unknown command.
You hear a shout! x4
The destroyer blinks!
You hear a shout!
The eight-headed meat hydra calls on the powers of darkness!
The eight-headed meat hydra convulses!
Your body is wracked with pain!
You hear a shout! x3
The destroyer hits you with a +9 great sword of slicing!!!!!
Ouch! That really hurt!
You die...

.## #....# ...
#W...## ...
#.....#§ ...
#=.V..§### .
#.@..§##O..
#...§#..X... .
#..§§#......D ...
#...)))...... .##
#..D§§.)).....
#.......)......
#.........#.....
......))#)#.#....
.....)))#)#......


You could see an eight-headed meat hydra, a destroyer and a dread (wandering).

Vanquished Creatures
  5 hell knights (D)
  Sigmund (D)
  6 hell beasts (D)
  5 greater mummies (D)
  A great orb of eyes (D)
  4 wraiths (D)
  14 vampire knights (D)
  23 ogres (D)
  5 two-headed ogres (D)
  4 liches (D)
  3 hydras (D)
  59 orcs (D)
  3 phantoms (D)
  5 skeletal warriors (D)
  3 sea snakes (D)
  2 large abominations (D)
  4 small abominations (D)
  8 crawling corpses (D)
155 creatures vanquished.

Vanquished Creatures (others)
  3 crawling corpses (D)
3 creatures vanquished.

Grand Total: 158 creatures vanquished

Notes
Turn   | Place    | Note
-------+----------+-------------------------------------------
     0 | D        | Found the +∞ Axe of Woe
     0 | D        | dobroeutro the Demonspawn Fighter began the quest for the Orb.
     0 | D        | Reached XP level 1. HP: 18/18 MP: 1/1
     2 | D        | Noticed a bag of meat
     3 | D        | Noticed a bag of meat
     4 | D        | Noticed a bag of meat
     4 | D        | Noticed a bag of meat
     5 | D        | Noticed a bag of meat
     5 | D        | Noticed a bag of meat
     6 | D        | Noticed a meat berserker
     6 | D        | Noticed a bag of meat
     7 | D        | Noticed a bag of meat
     8 | D        | Became a worshipper of Makhleb the Destroyer
    11 | D        | Killed a bag of meat
    11 | D        | Reached skill level 15 in Armour
    11 | D        | Gained mutation: You have sharp toenails. [demonic ancestry]
    11 | D        | Reached XP level 2. HP: 45/45 MP: 2/2
    11 | D        | Gained mutation: You are slightly more attuned to the shadows. [demonic ancestry]
    11 | D        | Reached XP level 3. HP: 51/51 MP: 3/3
    11 | D        | Gained mutation: You are partially covered in icy blue scales. (AC +2) [demonic ancestry]
    11 | D        | Reached XP level 4. HP: 58/58 MP: 4/4
    11 | D        | Reached XP level 5. HP: 64/64 MP: 5/5
    11 | D        | Gained mutation: You are significantly more attuned to the shadows. [demonic ancestry]
    11 | D        | Reached XP level 6. HP: 71/71 MP: 6/6
    11 | D        | Reached XP level 7. HP: 78/78 MP: 7/7
    11 | D        | Reached XP level 8. HP: 85/85 MP: 8/8
    11 | D        | Gained mutation: You are mostly covered in icy blue scales. (AC +3) [demonic ancestry]
    11 | D        | Reached XP level 9. HP: 91/91 MP: 9/9
    11 | D        | Reached XP level 10. HP: 98/98 MP: 10/10
    11 | D        | Reached XP level 11. HP: 104/104 MP: 11/11
    11 | D        | Killed a bag of meat
    11 | D        | Reached * piety under Makhleb
    11 | D        | Reached skill level 10 in Axes
    11 | D        | Gained mutation: You have razor-sharp toenails. [demonic ancestry]
    11 | D        | Reached XP level 12. HP: 117/117 MP: 12/12
    11 | D        | Killed a bag of meat
    11 | D        | Gained mutation: Your flesh is heat resistant. (rF+) [demonic ancestry]
    11 | D        | Reached XP level 13. HP: 127/127 MP: 13/13
    12 | D        | Killed a bag of meat
    12 | D        | Reached XP level 14. HP: 118/138 MP: 14/14
    12 | D        | Killed a bag of meat
    12 | D        | Reached ** piety under Makhleb
    12 | D        | Killed a bag of meat
    12 | D        | Gained mutation: You are completely covered in icy blue scales. (AC +4, rC+) [demonic ancestry]
    12 | D        | Reached XP level 15. HP: 148/148 MP: 15/15
    13 | D        | Killed a meat berserker
    16 | D        | Noticed a meat berserker
    17 | D        | Noticed a meat berserker
    18 | D        | Reached *** piety under Makhleb
    18 | D        | Reached XP level 16. HP: 162/162 MP: 16/16
    19 | D        | Killed a meat berserker
    19 | D        | Reached skill level 10 in Dodging
    20 | D        | Killed a meat berserker
    20 | D        | Reached skill level 27 in Fighting
    20 | D        | Gained mutation: You resist negative energy. (rN+) [demonic ancestry]
    20 | D        | Reached XP level 17. HP: 174/174 MP: 17/17
    21 | D        | Reached **** piety under Makhleb
    23 | D        | Reached XP level 18. HP: 182/182 MP: 18/18
    24 | D        | Noticed a meat berserker
    24 | D        | Reached skill level 27 in Armour
    25 | D        | Noticed a destroyer
    26 | D        | Reached ***** piety under Makhleb
    26 | D        | Reached skill level 27 in Shields
    28 | D        | Noticed a meat berserker
    28 | D        | Noticed a meat berserker
    29 | D        | Reached XP level 19. HP: 189/189 MP: 19/19
    29 | D        | Killed a meat berserker
    29 | D        | Reached skill level 27 in Axes
    30 | D        | Noticed a meat berserker
    30 | D        | Noticed a large bag of meat
    30 | D        | Killed a meat berserker
    30 | D        | Reached skill level 27 in Dodging
    30 | D        | Reached skill level 10 in Invocations
    31 | D        | Noticed a large bag of meat
    31 | D        | Reached skill level 10 in Throwing
    31 | D        | Reached skill level 10 in Stealth
    32 | D        | Reached skill level 15 in Invocations
    32 | D        | Reached XP level 20. HP: 197/197 MP: 19/35
    33 | D        | Killed a meat berserker
    33 | D        | Reached skill level 15 in Throwing
    33 | D        | Killed a destroyer
    33 | D        | Reached ****** piety under Makhleb
    33 | D        | Gained mutation: You have claws for feet. [demonic ancestry]
    33 | D        | Reached XP level 21. HP: 204/204 MP: 19/42
    34 | D        | Noticed a destroyer
    35 | D        | Noticed a destroyer
    36 | D        | Killed a large bag of meat
    36 | D        | Reached skill level 27 in Invocations
    36 | D        | Gained mutation: You are somewhat able to resist unholy torments (1 in 2 success). [demonic ancestry]
    36 | D        | Reached XP level 22. HP: 212/212 MP: 20/47
    36 | D        | Noticed a destroyer
    37 | D        | Noticed a destroyer
    37 | D        | Killed a large bag of meat
    39 | D        | Killed a destroyer
    39 | D        | Reached skill level 27 in Stealth
    39 | D        | Gained mutation: You are completely attuned to the shadows. [demonic ancestry]
    39 | D        | Reached XP level 23. HP: 219/219 MP: 20/52
    39 | D        | Killed a destroyer
    39 | D        | Reached skill level 27 in Throwing
    39 | D        | Reached skill level 27 in Unarmed Combat
    39 | D        | Reached skill level 27 in Spellcasting
    41 | D        | Reached XP level 24. HP: 227/227 MP: 21/54
    42 | D        | Noticed a destroyer
    46 | D        | Noticed an accursed
    46 | D        | Killed a destroyer
    46 | D        | Gained mutation: You are immune to clouds of flame. [demonic ancestry]
    46 | D        | Reached XP level 25. HP: 234/234 MP: 22/54
    48 | D        | Killed a destroyer
    48 | D        | Killed a destroyer
    51 | D        | Noticed a destroyer
    51 | D        | Noticed a destroyer
    51 | D        | Noticed a destroyer
    51 | D        | Killed an accursed
    51 | D        | Gained mutation: Your demonic aura causes spilled blood to erupt in flames. [demonic ancestry]
    51 | D        | Reached XP level 26. HP: 242/242 MP: 24/54
    52 | D        | Noticed a destroyer
    53 | D        | Noticed a tyrant
    53 | D        | Killed a destroyer
    56 | D        | Killed a destroyer
    58 | D        | Noticed an accursed
    58 | D        | Noticed an accursed
    59 | D        | Noticed The Captor
    61 | D        | Killed an accursed
    61 | D        | Gained mutation: Your melee attacks may debilitate your foes. [demonic ancestry]
    61 | D        | Reached XP level 27. HP: 249/249 MP: 27/54
    65 | D        | Killed a destroyer
    65 | D        | Killed The Captor
    66 | D        | Noticed a meat beast
    66 | D        | Noticed a meat beast
    67 | D        | Killed a tyrant
    68 | D        | Killed a meat beast
    69 | D        | Killed a meat beast
    71 | D        | Noticed a meat beast
    72 | D        | Killed a meat beast
    72 | D        | Killed a destroyer
    74 | D        | Killed an accursed
    77 | D        | Noticed a meat beast
    79 | D        | Killed a meat beast
    88 | D        | Noticed a meat beast
    90 | D        | Killed a meat beast
    94 | D        | Noticed an accursed
    95 | D        | Noticed a destroyer
    96 | D        | Noticed a dread
    98 | D        | Noticed a large bag of meat
    98 | D        | Noticed a large bag of meat
    99 | D        | Killed a destroyer
   103 | D        | Noticed a destroyer
   104 | D        | Noticed a destroyer
   104 | D        | Killed an accursed
   104 | D        | Killed a large bag of meat
   104 | D        | Killed a dread
   107 | D        | Killed a large bag of meat
   110 | D        | Killed a destroyer
   112 | D        | Noticed a tyrant
   112 | D        | Noticed a tyrant
   113 | D        | Noticed an accursed
   114 | D        | Noticed a destroyer
   115 | D        | Killed an accursed
   118 | D        | Killed a tyrant
   118 | D        | Killed a tyrant
   119 | D        | Killed a destroyer
   123 | D        | Killed a destroyer
   124 | D        | Noticed a fleshlord
   127 | D        | Noticed a dread
   127 | D        | Killed a fleshlord
   127 | D        | Noticed a fleshlord
   128 | D        | Noticed a tyrant
   128 | D        | Noticed a meat beast
   129 | D        | Killed a meat beast
   130 | D        | Noticed a fleshlord
   130 | D        | Noticed a fleshlord
   130 | D        | Noticed a fleshlord
   133 | D        | Noticed a dread
   133 | D        | Noticed a dread
   133 | D        | Killed a fleshlord
   133 | D        | Killed a fleshlord
   133 | D        | Killed a fleshlord
   134 | D        | Killed a dread
   135 | D        | Killed a fleshlord
   137 | D        | Noticed a large bag of meat
   137 | D        | Killed a dread
   137 | D        | Killed a tyrant
   139 | D        | Killed a dread
   140 | D        | Killed a large bag of meat
   145 | D        | Noticed a destroyer
   146 | D        | Noticed a dread
   146 | D        | Annihilated by a destroyer

Skill      XL: |  1  2  3  4  5  6  7  8  9 10 11 12 13 14 15 16 17 18 19 20 21 22 23 |
---------------+----------------------------------------------------------------------+-----
Fighting       | 16 18 19 21 22 25 27 | 27.0
Axes           | 9 10 11 12 14 17 20 22 26 27 | 27.0
Armour         | 15 17 18 19 21 23 25 26 27 | 27.0
Shields        | 14 16 17 18 20 22 24 25 27 | 27.0
Dodging        | 6 13 17 21 27 | 27.0
Throwing       | 11 17 21 26 27 | 27.0
Stealth        | 12 18 22 27 | 27.0
Unarmed Combat | 11 17 21 25 27 | 27.0
Spellcasting   | 11 17 21 25 27 | 27.0
Invocations    | 15 23 27 | 27.0

Action                   |  1- 3 |  4- 6 |  7- 9 | 10-12 | 13-15 | 16-18 | 19-21 | 22-24 | 25-27 || total
-------------------------+-------+-------+-------+-------+-------+-------+-------+-------+-------++-------
Melee: Executioner's axe |     1 |       |       |       |     3 |     8 |     7 |     6 |    59 ||    84
Invok: Greater Servant o |       |       |       |       |       |       |       |       |     5 ||     5
 Stab: Distracted        |       |       |       |       |       |       |       |       |     1 ||     1
Armor: Scale mail        |       |       |       |       |       |       |       |     2 |     4 ||     6
Dodge: Dodged            |       |       |       |       |       |     1 |       |     1 |    15 ||    17
